 Dungeon Crawl Stone Soup version 0.17-a0-1037-gbf358b4 (webtiles) character file.

112245 hornqvist the Severer (level 17, -1/140 HPs)
             Began as a Formicid Fighter on May 14, 2015.
             Was an Initiate of Gozag.
             Slain by a large abomination (21 damage)
             ... on level 1 of the Abyss.
             The game lasted 00:37:37 (27091 turns).

hornqvist the Severer (Formicid Fighter)           Turns: 27091, Time: 00:37:37

Health: -1/140     AC: 32    Str: 34    XL:     17   Next: 14%
Magic:  26/26      EV: 13    Int:  7    God:    Gozag
Gold:   1790       SH: 23    Dex: 19    Spells: 3 memorised, 6 levels left

rFire  + + +     SeeInvis +     o - +7 battleaxe "Uckiq" {freeze, MP+9 Int+2}
rCold  + + .     Clarity  +     G - +2 plate armour {rF+}
rNeg   . . .     SustAb   .     L - +5 shield of the Crypt {MR++ Int-4}
rPois  +         Gourm    .     (helmet unavailable)
rElec  +         Spirit   .     C - +2 cloak
rCorr  +         Warding  .     O - +3 pair of gauntlets of War {Slay+5}
rMut   .         Stasis   +     y - +0 pair of boots
MR     +++..                    (no amulet)
Stlth  ..........               P - ring of the Fool {rElec rF+ AC+2 Str+2 Dex+2}
                                K - ring of protection from cold

@: mighty, agile, resistant, extremely resistant to hostile enchantments,
extremely unstealthy
A: permanent stasis, dig shafts and tunnels, four strong arms, antennae 3, large
bone plates 1, agile 1, clarity
a: Dig, Shaft Self, Potion Petition, Call Merchant, Bribe Branch, Renounce
Religion


You were on level 1 of the Abyss.
You worshipped Gozag.
Gozag was noncommittal.
You were full.

You visited 3 branches of the dungeon, and saw 26 of its levels.
You visited the Abyss 1 time.
You also visited: Bailey.

You collected 11181 gold pieces.
You spent 1921 gold pieces at shops.
You paid 7470 gold pieces to Gozag.

Inventory:

Hand weapons
 b - the +5 flail of Equivalence {venom, +Blink rElec Dex+4}
   (You found it on level 4 of the Lair of Beasts)

   It poisons the flesh of those it strikes.
   It affects your dexterity (+4).
   It insulates you from electricity.
   It lets you blink.
 d - a +0 dire flail
 o - the +7 battleaxe "Uckiq" (weapon) {freeze, MP+9 Int+2}
   (You found it on level 5 of the Lair of Beasts)

   It has been specially enchanted to freeze those struck by it, causing extra
   injury to most foes and up to half again as much damage against particularly
   susceptible opponents.
   It can also slow down cold-blooded creatures.
   It affects your intelligence (+2).
   It affects your magic capacity (+9).
 r - the +6 arbalest "Hellfire" {hellfire, rF++ rC- MR+}
   (You found it on level 2 of the Dungeon)

   It greatly protects you from fire.
   It makes you vulnerable to cold.
   It affects your resistance to hostile enchantments.
Armour
 y - a +0 pair of boots (worn)
 C - a +2 cloak (worn)
 G - a +2 plate armour of fire resistance (worn)
 L - the +5 shield of the Crypt (worn) {MR++ Int-4}
   (You found it on level 9 of the Dungeon)

   It affects your intelligence (-4).
   It affects your resistance to hostile enchantments.
 O - the +3 pair of gauntlets of War (worn) {Slay+5}
   (You bought it in a shop on level 14 of the Dungeon)

   It affects your accuracy and damage with ranged weapons and melee attacks
   (+5).
Jewellery
 c - an uncursed ring of flight
 g - an uncursed ring of poison resistance
 w - a +4 ring of protection
 x - an uncursed ring of protection from cold
 K - a ring of protection from cold (left hand)
 P - the ring of the Fool (right hand) {rElec rF+ AC+2 Str+2 Dex+2}
   (You bought it in a shop on level 12 of the Dungeon)

   [ring of protection]

   It affects your AC (+2).
   It affects your strength (+2).
   It affects your dexterity (+2).
   It protects you from fire.
   It insulates you from electricity.
 Q - an uncursed ring of sustain abilities
 R - an uncursed ring of ice
 U - a +3 ring of evasion
Magical devices
 a - a wand of disintegration (13)
Scrolls
 i - 5 scrolls of identify
 j - 14 scrolls of remove curse
 k - 2 scrolls of magic mapping
 q - 6 scrolls of recharging
 s - 2 scrolls of enchant armour
 v - 5 scrolls of enchant weapon
 z - a scroll of vulnerability
 H - a scroll of fog
 J - 2 scrolls of summoning
 T - a scroll of amnesia
Potions
 f - a potion of curing
 n - a potion of magic
 t - 3 potions of might
 u - a potion of resistance
 D - 4 potions of brilliance
 E - 2 potions of mutation
 I - a potion of invisibility
 M - a potion of flight
 V - a potion of cancellation
 Y - a potion of lignification
Books
 l - a book of Spatial Translocations

   Spells                             Type                      Level
   a - Apportation                    Translocation                1
   b - Blink                          Translocation                2
   c - Shroud of Golubria             Charms/Translocation         2
   d - Portal Projectile              Translocation                3
   e - Teleport Other                 Translocation                3
   f - Passage of Golubria            Translocation                4
 m - a book of Transfigurations

   Spells                             Type                      Level
   a - Stoneskin                      Transmutation/Earth          2
   b - Irradiate                      Conjuration/Transmutation    5
   c - Statue Form                    Transmutation/Earth          6
   d - Hydra Form                     Transmutation                6
   e - Dragon Form                    Transmutation                7
 p - a book of Geomancy

   Spells                             Type                      Level
   a - Sandblast                      Earth                        1
   b - Stoneskin                      Transmutation/Earth          2
   c - Passwall                       Transmutation/Earth          3
   d - Stone Arrow                    Conjuration/Earth            3
   e - Petrify                        Transmutation/Earth          4
   f - Lee's Rapid Deconstruction     Earth                        5
 A - a book of the Sky

   Spells                             Type                      Level
   a - Summon Lightning Spire         Summoning/Air                4
   b - Airstrike                      Air                          4
   c - Silence                        Hexes/Air                    5
   d - Deflect Missiles               Charms/Air                   6
   e - Conjure Ball Lightning         Conjuration/Air              6
   f - Tornado                        Air                          9
 N - a book of Dreams

   Spells                             Type                      Level
   a - Ensorcelled Hibernation        Hexes/Ice                    2
   b - Phase Shift                    Translocation                5
   c - Shadow Creatures               Summoning                    5
   d - Silence                        Hexes/Air                    5
   e - Mass Confusion                 Hexes                        6
   f - Darkness                       Hexes                        7
 S - a book of Enchantments

   Spells                             Type                      Level
   a - Cause Fear                     Hexes                        4
   b - Silence                        Hexes/Air                    5
   c - Deflect Missiles               Charms/Air                   6
   d - Haste                          Charms                       6
   e - Discord                        Hexes                        8
Comestibles
 e - 6 bread rations
 h - 8 meat rations
 F - 16 fruits


   Skills:
 + Level 14.5 Fighting
 * Level 17.8 Axes
 + Level 14.2 Armour
 + Level 15.3 Shields


You had 6 spell levels left.
You knew the following spells:

 Your Spells              Type           Power        Failure   Level  Hunger
a - Shroud of Golubria    Chrm/Tloc      #.........   100%        2    ###....
b - Stoneskin             Trmt/Erth      #.......     100%        2    ###....
c - Statue Form           Trmt/Erth      #........    100%        6    #######


Dungeon Overview and Level Annotations

Branches:
Dungeon (15/15)            Temple (0/1) D:6            Lair (8/8) D:10
  Swamp (0/4) Lair:6        Snake (0/4) Lair:4        Slime (0/6) Lair:6
    Orc (3/4) D:10         Vaults (0/5) D:13
    Elf: Orc:3-4     Depths: D:15

Altars:
Ashenzari
Fedhas
Gozag
Kikubaaqudgha
Okawaru
Sif Muna
Xom
Yredelemnul
Zin
Beogh
Jiyva

Shops:
D:5 [   D:11 [   D:12 =   D:13 (=   D:14 [   Vaults:1 :

Annotations:
D:15 Sonja
Lair:5 exclusion: oklob plant


Innate Abilities, Weirdness & Mutations

You are under a permanent stasis effect.
You can dig through walls and to a lower floor.
Your four strong arms can wield two-handed weapons with a shield.
You have a pair of large antennae on your head (SInv).
You are partially covered in large bone plates (AC +2, SH +2).
You are agile. (Dex +2)
You possess an exceptional clarity of mind.


Message History

A deafening chorus of shrieks assaults your mind!
* * * LOW HITPOINT WARNING * * *
Your stasis keeps you stable.
You block the large abomination's attack.
The starcursed mass is distracted by the nearby gold.
You see here 109 gold pieces.
You take 4 damage, and have 20/140 hp.
The insubstantial wisp gives a chilling moan. x2
You slice the insubstantial wisp!!
You destroy the insubstantial wisp!
You slice the large abomination!! You freeze the large abomination!
You slash the starcursed mass! You freeze the starcursed mass.
You destroy the starcursed mass!
You hear a chilling moan.
You hear a bellow!
You hear a chilling moan.
The insubstantial wisp is no longer distracted by gold.
The starcursed mass is no longer distracted by gold.
The starcursed mass is distracted by the nearby gold.
The large abomination hits you!!
You die...
Your body crumbles into a pile of gold.

# . . #. .. . #### ..
..... { #..#.#.§##.
..X.. .#.###........
.. .# #..#..#..# . ..
§4 ###...#.###.. . .
#..##......##...... .
≈#..............{.. .
≈≈....X@.......
≈≈≈≈..v$$.......{....
.≈≈≈≈≈v......X.. ....
. #.≈≈≈XXX........ .
# ....≈≈≈≈.........
.# # ...##≈≈≈♣♣.##...
# .. #.≈≈≈#≈# .... #
# # ....≈.≈≈ ... . #
...... ≈≈≈{ ...


You could see 4 starcursed masses, a large abomination and 2 insubstantial
wisps.

Vanquished Creatures
  A tentacled monstrosity (Abyss:1)
  2 tentacled starspawn (Abyss:1)
  A lorocyproca (Abyss:1)
  A vault guard (D:13)
  Josephine (D:10)
  5 hydras
  A great orb of eyes (Abyss:1)
  Harold (Orc:3)
  An ice dragon (Lair:4)
  A centaur warrior (D:11)
  A salamander stormcaller (D:14)
  24 death yaks
  Nergalle (Lair:2)
  2 thrashing horrors (Abyss:1)
  A fire crab (Lair:7)
  The ghost of Yermak the Cleaver, an experienced FoHu of the Shining One (D:8)
  A wretched star (Abyss:1)
  3 unseen horrors
  3 hill giants
  An ice statue (Lair:4)
  A wolf spider (Lair:8)
  3 orc knights
  3 orc sorcerers
  4 large abominations (Abyss:1)
  3 griffons
  2 cyclopes
  A hornet (Lair:8)
  2 manticores
  6 elephants
  A guardian serpent (Lair:8)
  7 black mambas
  Joseph (D:9)
  4 smoke demons (Abyss:1)
  19 spiny frogs
  3 ancient zymes (Abyss:1)
  9 komodo dragons
  5 trolls
  7 fire drakes (Lair:4)
  A hellwing (Abyss:1)
  A freezing wraith (Abyss:1)
  3 raiju (Abyss:1)
  7 polar bears
  The ghost of hornqvist the Shield-Bearer, an average FoFi (D:4)
  Grinder (D:4)
  A slime creature (D:13)
  42 blink frogs
  3 boulder beetles
  2 shadows
  Sigmund (D:4)
  A trapdoor spider (D:15)
  3 deep elf magi
  4 wraiths (D:10)
  A redback (shapeshifter) (D:14)
  A water elemental (Abyss:1)
  15 basilisks
  60 yaks
  A hungry ghost (D:11)
  Grum (D:10)
  2 chaos spawn (Abyss:1)
  7 wyverns
  A human (D:5)
  3 neqoxecs (Abyss:1)
  2 wargs (Orc:2)
  Menkaure (D:4)
  20 hippogriffs
  4 insubstantial wisps (Abyss:1)
  A soldier ant (D:12)
  2 mottled dragons
  8 wolves
  16 water moccasins
  12 porcupines
  5 sky beasts
  14 ice beasts
  5 hell hounds (Abyss:1)
  13 spiders
  26 orc warriors
  6 wasps
  2 black bears
  A phantom (D:8)
  17 starcursed masses (Abyss:1)
  3 centaurs
  3 eyes of draining
  14 crocodiles
  2 necrophages
  9 ogres
  3 big kobolds
  5 small abominations (Abyss:1)
  15 giant frogs
  5 scorpions
  18 killer bees
  5 wights (D:6)
  2 wasp zombies
  6 hounds
  20 orc priests
  2 quasits (Abyss:1)
  3 centaur zombies
  2 centaur skeletons
  7 crimson imps
  A gnoll shaman (D:4)
  An iron imp (Abyss:1)
  3 giant frog skeletons
  Crazy Yiuf (D:6)
  4 jellies
  9 iguanas
  23 orc wizards
  15 sheep
  17 worker ants
  A worker ant zombie (D:9)
  20 adders
  11 gnolls
  80 river rats
  2 white imps
  6 shadow imps
  2 oozes
  An ufetubus (Abyss:1)
  7 worms
  2 adder skeletons (D:7)
  4 giant geckos
  138 orcs
  3 ball pythons
  14 bats
  3 bat skeletons
  3 giant cockroaches
  15 hobgoblins
  33 kobolds
  4 quokkas
  A giant cockroach zombie (D:6)
  2 giant gecko zombies
  4 giant newts
  26 goblins
  15 jackals
  2 jackal skeletons
  A lurking horror (Abyss:1)
  10 rats
  2 spectral orcs (Lair:2)
  A bush (Lair:5)
  14 fungi
  9 plants
  3 starspawn tentacles (Abyss:1)
1089 creatures vanquished.

Vanquished Creatures (others)
  An orc wizard (D:12)
  8 fungi
  16 plants
  A starspawn tentacle (Abyss:1)
  10 starspawn tentacle segments (Abyss:1)
36 creatures vanquished.

Grand Total: 1125 creatures vanquished

Notes
Turn   | Place    | Note
--------------------------------------------------------------
     0 | D:1      | hornqvist the Formicid Fighter began the quest for the Orb.
     0 | D:1      | Reached XP level 1. HP: 18/18 MP: 1/1
   226 | D:1      | Reached XP level 2. HP: 21/24 MP: 2/2
   471 | D:1      | Reached XP level 3. HP: 29/29 MP: 3/3
  1517 | D:2      | Reached skill level 4 in Armour
  1531 | D:2      | Reached XP level 4. HP: 31/35 MP: 4/4
  1564 | D:2      | Found a glowing silver altar of Zin.
  1653 | D:2      | Found a blossoming altar of Fedhas.
  1717 | D:2      | Found a shimmering altar of Xom.
  1858 | D:3      | Reached XP level 5. HP: 37/42 MP: 5/5
  2148 | D:3      | Reached XP level 6. HP: 48/48 MP: 6/6
  2415 | D:4      | Noticed hornqvist's ghost (average FoFi)
  2417 | D:4      | Noticed Grinder
  2600 | D:5      | Entered Level 5 of the Dungeon
  2637 | D:5      | Noticed an ice beast
  2653 | D:5      | Killed an ice beast
  2757 | D:5      | Found an ancient bone altar of Kikubaaqudgha.
  2833 | D:5      | Reached XP level 7. HP: 49/55 MP: 7/7
  2857 | D:5      | Reached skill level 5 in Armour
  2857 | D:5      | Reached skill level 5 in Shields
  2902 | D:5      | Found Nyephu's Armour Shoppe.
  2937 | D:5      | Found a deep blue altar of Sif Muna.
  3170 | D:5      | Reached skill level 5 in Fighting
  3235 | D:5      | Noticed an ice beast
  3241 | D:5      | Killed an ice beast
  3241 | D:5      | Reached skill level 5 in Axes
  3680 | D:5      | Found a runed door.
  3680 | D:5      | Noticed a human
  3684 | D:5      | Found a basalt altar of Yredelemnul.
  3698 | D:5      | Killed a human
  3698 | D:5      | Reached XP level 8. HP: 62/62 MP: 8/8
  3776 | D:4      | Found an opulent altar of Gozag.
  3819 | D:4      | Noticed Sigmund
  3833 | D:4      | Killed Sigmund
  3970 | D:4      | Became a worshipper of Gozag Ym Sagoz the Greedy
  4003 | D:4      | Reached skill level 6 in Axes
  4280 | D:4      | Killed Grinder
  4292 | D:4      | Killed hornqvist's ghost
  4292 | D:4      | Reached skill level 7 in Axes
  4292 | D:4      | Reached XP level 9. HP: 33/70 MP: 9/9
  4406 | D:4      | Noticed Menkaure
  4423 | D:4      | Killed Menkaure
  4461 | D:4      | Found an iron altar of Okawaru.
  5542 | D:6      | Reached skill level 8 in Axes
  5701 | D:6      | Found a staircase to the Ecumenical Temple.
  5864 | D:6      | Noticed Crazy Yiuf
  5870 | D:6      | Killed Crazy Yiuf
  6118 | D:7      | Reached XP level 10. HP: 55/79 MP: 10/10
  7036 | D:8      | Noticed Yermak's ghost (experienced FoHu)
  7054 | D:8      | Killed Yermak's ghost
  7054 | D:8      | Reached skill level 9 in Axes
  7984 | D:9      | Noticed Joseph
  8006 | D:9      | Killed Joseph
  8108 | D:9      | Found a shattered altar of Ashenzari.
  8304 | D:9      | Reached skill level 10 in Axes
  8447 | D:9      | Got an ancient shield
  8458 | D:9      | Identified the +5 shield of the Crypt {MR++ Int-4} (You found it on level 9 of the Dungeon)
  8501 | D:9      | Reached XP level 11. HP: 81/87 MP: 11/11
  9271 | D:10     | Entered Level 10 of the Dungeon
  9417 | D:10     | Noticed Josephine
  9438 | D:10     | Killed Josephine
  9826 | D:10     | Noticed Grum
  9840 | D:10     | Reached skill level 11 in Axes
  9873 | D:10     | Killed Grum
  9958 | D:10     | Found a staircase to the Orcish Mines.
 10070 | D:10     | Noticed a hill giant
 10072 | Orc:1    | Entered Level 1 of the Orcish Mines
 10072 | Orc:1    | Noticed an orc knight
 10072 | Orc:1    | Noticed an orc sorcerer
 10462 | Orc:1    | Noticed an ice devil
 10993 | Orc:2    | Gained mutation: You are partially covered in large bone plates (AC +2, SH +2). [potion of mutation]
 10993 | Orc:2    | Gained mutation: Your flesh is cold resistant. [potion of mutation]
 10993 | Orc:2    | Gained mutation: You are agile. (Dex +2) [potion of mutation]
 11001 | D:10     | Killed an orc sorcerer
 11001 | D:10     | Reached skill level 10 in Shields
 11125 | D:10     | Reached XP level 12. HP: 88/97 MP: 12/12
 11174 | D:10     | Killed a hill giant
 11186 | D:10     | Found a staircase to the Lair.
 12199 | D:11     | Found a flagged portal.
 12215 | D:11     | Found Gememen's Armour Boutique.
 12257 | Bailey   | Entered a bailey
 12416 | Bailey   | Reached skill level 12 in Axes
 12621 | Bailey   | Reached skill level 10 in Fighting
 12820 | D:11     | Noticed a centaur warrior
 12831 | D:11     | Killed a centaur warrior
 12831 | D:11     | Reached skill level 10 in Armour
 13339 | Orc:1    | Killed an orc knight
 14203 | Orc:3    | Noticed Harold
 14235 | Orc:3    | Killed Harold
 14235 | Orc:3    | Reached skill level 13 in Axes
 14237 | Orc:3    | Reached XP level 13. HP: 40/104 MP: 13/13
 15068 | D:12     | Found Rotudiq's Jewellery Shop.
 15072 | D:12     | Bought the ring of the Fool {rElec rF+ AC+2 Str+2 Dex+2} for 591 gold pieces
 15494 | D:12     | Noticed Sonja
 16168 | D:13     | Found Juvvut's Jewellery Boutique.
 16276 | Lair:1   | Entered Level 1 of the Lair of Beasts
 17300 | Lair:2   | Reached skill level 14 in Axes
 17483 | Lair:2   | Gained mutation: You possess an exceptional clarity of mind. [potion of beneficial mutation]
 17566 | Lair:2   | Noticed Nergalle
 17596 | Lair:2   | Killed Nergalle
 18379 | Lair:3   | Reached XP level 14. HP: 102/114 MP: 14/14
 19152 | Lair:4   | Got a crystal flail
 19266 | Lair:4   | Found a staircase to the Snake Pit.
 19485 | Lair:4   | Reached skill level 15 in Axes
 19534 | Lair:4   | Identified the +5 flail of Equivalence {venom, +Blink rElec Dex+4} (You found it on level 4 of the Lair of Beasts)
 19710 | Lair:4   | Learned a level 2 spell: Shroud of Golubria
 19713 | Lair:4   | Learned a level 2 spell: Stoneskin
 20045 | Lair:5   | Got a dazzling battleaxe
 20046 | Lair:5   | Identified the +7 battleaxe "Uckiq" {freeze, MP+9 Int+2} (You found it on level 5 of the Lair of Beasts)
 21027 | Lair:6   | Reached XP level 15. HP: 95/122 MP: 15/15
 21217 | Lair:6   | Found a staircase to the Swamp.
 21407 | Lair:6   | Found a staircase to the Slime Pits.
 22568 | Lair:7   | Reached skill level 16 in Axes
 22610 | Lair:8   | Entered Level 8 of the Lair of Beasts
 23564 | Lair:8   | Found a viscous altar of Jiyva.
 23564 | Lair:8   | Found a staircase to the Slime Pits.
 23629 | Lair:8   | Reached XP level 16. HP: 111/131 MP: 16/16
 24089 | Lair:8   | Reached skill level 17 in Axes
 24821 | D:13     | Found Loscha's Weapon Boutique.
 24972 | D:13     | Learned a level 6 spell: Statue Form
 25026 | D:13     | Noticed a vault guard
 25042 | D:13     | Killed a vault guard
 25071 | D:13     | Found a gate to the Vaults.
 25465 | D:14     | Found Fuxeutz's Antique Armour Shoppe.
 25485 | D:14     | Bought the +3 pair of gauntlets of War {Slay+5} for 1330 gold pieces
 25726 | D:14     | Found a roughly hewn altar of Beogh.
 26225 | D:15     | Entered Level 15 of the Dungeon
 26363 | D:15     | Cast into the Abyss (Sonja)
 26432 | Abyss:1  | Noticed a tentacled starspawn
 26447 | Abyss:1  | Killed a tentacled starspawn
 26548 | Abyss:1  | Lost mutation: Your flesh is cold resistant. [a neqoxec]
 26650 | Abyss:1  | Reached skill level 15 in Shields
 26655 | Abyss:1  | Noticed a tentacled monstrosity
 26664 | Abyss:1  | Killed a tentacled monstrosity
 26760 | Abyss:1  | Noticed a tentacled starspawn
 26775 | Abyss:1  | Killed a tentacled starspawn
 26970 | Abyss:1  | Reached XP level 17. HP: 64/140 MP: 17/17
 27091 | Abyss:1  | Slain by a large abomination

Vault maps used:
D:1:      roderic_octagonal_star
D:2:      lemuel_round_altar, tgw_xom, fedhas_altar_3
D:3:      minmay_misc_feat_secret_circle, minmay_fountain_box
D:4:      nicolae_gozag_cash_rules_everything_around_me, kennysheep_little_box,
          first_bread, minmay_misc_feat_nine_boxes, uniq_sigmund, uniq_grinder,
          uniq_menkaure
D:5:      kiku_gazebo_garden_becter, nicolae_overflow_crystal_walls,
          serial_shops, shop_statue, dk_yredelemnul_ordeal
D:6:      lemuel_temple_firewalk, uniq_crazy_yiuf_cottage
D:9:      old_standard_altar, hangedman_abyss_or_decor_clamps, uniq_joseph
D:10:     david_lair_generic, orc_0_dummy, blue_anna_alchemist, uniq_grum,
          uniq_josephine
D:11:     enter_bailey_2
D:12:     spider_trap, uniq_sonja
D:13:     david_vaults_5, serial_shops, shop
D:14:     special_room, hex_tiny, grunt_decor_one_mirror
D:15:     hangedman_depths_entry_civil_slaughter, dk_noncrumbling_3, uniq_agnes
Lair:1:   lemuel_fruit_tree
Lair:2:   uniq_nergalle
Lair:4:   dummy_snake_entry, special_room, ice2_lemuel
Lair:5:   grunt_forest_large_clearings
Lair:6:   swamp_mist_pool, slime_dummy, minivault_26
Lair:8:   hangedman_lair_tendril_chambers, dpeg_slime_entry_enclosed_altar,
          kennysheep_basilisk_garden, infiniplex_staircase_pool_2,
          lemuel_fruit_fields
Orc:1:    nicolae_orc_damp_corner
Orc:3:    nicolae_orc_pool_cavern, nicolae_orc_tapped_out, uniq_harold
Bailey:   bailey_axe_4, bailey

Action                   |  1- 3 |  4- 6 |  7- 9 | 10-12 | 13-15 | 16-18 || total
-------------------------+-------+-------+-------+-------+-------+-------++-------
Melee: War axe           |    98 |   127 |   384 |   228 |       |       ||   837
       Broad axe         |       |       |       |   716 |    16 |       ||   732
       Battleaxe         |       |       |       |       |  1258 |   470 ||  1728
       Dire flail        |       |       |       |       |    25 |       ||    25
Invok: Call Merchant     |       |       |       |     3 |     2 |       ||     5
       Potion Petition   |       |       |       |     2 |     1 |     3 ||     6
 Abil: Evoke Flight      |       |       |       |     3 |       |       ||     3
       Dig               |       |       |       |     1 |       |       ||     1
  Use: Scroll            |       |       |     8 |     6 |    14 |     4 ||    32
       Potion            |       |       |     7 |    16 |     7 |     6 ||    36
 Stab: Distracted        |       |       |     2 |     3 |    21 |     3 ||    29
  Eat: Chunk             |     1 |     3 |     5 |       |       |       ||     9
       Beef jerky        |       |     1 |       |     3 |     4 |       ||     8
       Royal jelly       |       |       |     1 |       |       |       ||     1
       Fruit             |       |       |     2 |    18 |    27 |    16 ||    63
       Bread ration      |       |       |     1 |     1 |       |     1 ||     3
       Meat ration       |       |       |       |     1 |       |       ||     1
       Pizza             |       |       |       |       |     1 |       ||     1
